 Dungeon Crawl Stone Soup version 0.27-a0-1026-gbab068f60c (webtiles) character file.

Game seed: 13195739720729791509

216 TheNamelessOne the Ducker (level 5, 0/37 HPs)
             Began as an Octopode Gladiator on Apr 18, 2021.
             Slain by a scorpion (2 damage)
             ... on level 2 of the Dungeon.
             The game lasted 00:02:12 (1823 turns).

TheNamelessOne the Ducker (Octopode Gladiator)      Turns: 1823, Time: 00:02:12

Health: 0/37       AC:  1    Str: 14    XL:     5   Next: 93%
Magic:  5/5        EV: 14    Int: 11    God:
Gold:   44         SH:  0    Dex: 13    Spells: 4/4 levels left

rFire    + . .     SeeInvis .   a - +0 quarterstaff
rCold    + . .     Faith    .   (shield currently unavailable)
rNeg     . . .     Spirit   .   b - +0 hat
rPois    +         Reflect  .   (no amulet)
rElec    +         Harm     .   (no ring)
rCorr    +         Rampage  .   (no ring)
Will     .....                  (no ring)
Stlth    ++........             (no ring)
HPRegen  0.12/turn              (no ring)
MPRegen  0.09/turn              (no ring)
                                (no ring)
                                (no ring)

@: resistant
A: almost no armour, amphibious, 8 rings, camouflage 1, gelatinous body 1,
(nimble swimmer 1), tentacles
a: no special abilities


You were on level 2 of the Dungeon.
You visited 1 branch of the dungeon, and saw 2 of its levels.

You collected 44 gold pieces.

Inventory:

Hand Weapons
 a - a +0 quarterstaff (weapon)
Missiles
 c - a throwing net (quivered)
Armour
 b - a +0 hat (worn)
Wands
 l - a wand of digging (4)
Scrolls
 d - a scroll of enchant weapon {unknown}
 e - a scroll of brand weapon {unknown}
 f - a scroll of magic mapping {unknown}
 h - a scroll of teleportation {unknown}
 i - a scroll of vulnerability {unknown}
 j - a scroll of blinking {unknown}


   Skills:
 * Level 3.7 Fighting
 * Level 4.3 Staves
 - Level 2.0 Throwing
 * Level 4.4 Dodging
 + Level 0.4 Stealth


You had 4 spell levels left.
You didn't know any spells.
Your spell library was empty.

Dungeon Overview and Level Annotations

Branches:
Dungeon (2/15)

Altars:
Gozag

Shops:
D:2 *


Innate Abilities, Weirdness & Mutations

You cannot wear most types of armour.
You are amphibious.
You can wear up to eight rings at the same time.
Your skin changes colour to match your surroundings (Stealth+).
Your rubbery body absorbs attacks. (AC +1, EV +1)
((You are camouflaged near water. (Stealth+)))
You have tentacles for arms and can constrict up to eight enemies at once.


Message History

You feel protected.
* * * LOW HITPOINT WARNING * * *
You feel sick. The scorpion barely misses you.
It was a potion of curing.
You feel better. The scorpion stings you.
* * * LOW HITPOINT WARNING * * *
Unknown command.
The white imp gestures at you. The puff of frost misses you.
The scorpion closely misses you.
Okay, then.
Okay, then.
You aren't carrying any potions.
Okay, then.
Throw: 3 throwing nets
Press: ? - help, Q - select action Shift-Dir - straight line, f - scorpion
Aim: a scorpion (59% to hit)
You throw a throwing net. The throwing net hits the scorpion.
The scorpion is caught in the net!
The scorpion struggles against the net.
The scorpion struggles against the net.
The scorpion struggles against the net.
The scorpion struggles against the net.
The net rips apart, and the scorpion comes free!
Throw: 2 throwing nets
Press: ? - help, Q - select action Shift-Dir - straight line, f/p - scorpion
Aim: a scorpion (59% to hit)
You throw a throwing net. The throwing net hits the scorpion.
The scorpion is caught in the net!
The scorpion struggles against the net.
The scorpion struggles against the net.
The scorpion struggles against the net.
The scorpion struggles against the net.
The net rips apart, and the scorpion comes free!
The white imp gestures at you. The puff of frost hits you. You resist.
* * * LOW HITPOINT WARNING * * *
Unknown command.
There is a stone staircase leading up here.
The scorpion stings you.
You die...

.>......#.#....###............#
#######.#.............#....######
#######..##....###.##............
...[.........#.#...##^.##########
##.......)##.#.#...##......... .
#.######.##.#.#...##...###### #
#.#.<#............##...#
##.##......#.#.....##...#
##.##........#..@..##...#
##.##..._.......s..##...#
##.##........#.....##...#
........(....#......#...#
############...5#####...# #.##
.................s..#...# #.#.
############.....##.###.# #.#.
#.....#......######.#.
#..>..#..#............


You could see a scorpion and a white imp.

Vanquished Creatures
  Sigmund (D:2)
  3 adders (D:2)
  2 dart slugs
  2 endoplasms (D:2)
  A giant cockroach (D:2)
  2 goblins (D:2)
  2 hobgoblins
  4 jackals (D:1)
  A kobold (D:1)
  A quokka (D:2)
  3 ball pythons
  6 bats
  2 frilled lizards
  A rat (D:1)
31 creatures vanquished.

Notes
Turn   | Place    | Note
-------+----------+-------------------------------------------
     0 | D:1      | TheNamelessOne the Octopode Gladiator began the quest for
                  | the Orb.
     0 | D:1      | Reached XP level 1. HP: 14/14 MP: 1/1
   325 | D:1      | Reached XP level 2. HP: 17/19 MP: 2/2
   537 | D:1      | Found a faded altar of an unknown god.
   881 | D:2      | Reached XP level 3. HP: 25/25 MP: 3/3
   913 | D:2      | Noticed Sigmund
   915 | D:2      | Found an opulent altar of Gozag.
   919 | D:2      | Killed Sigmund
   920 | D:2      | Reached XP level 4. HP: 32/32 MP: 4/4
   920 | D:2      | Reached XP level 5. HP: 36/36 MP: 5/5
  1587 | D:2      | Found Uwkuy's General Store.
  1811 | D:2      | HP: 1/37 [white imp/puff of frost (6)]
  1823 | D:2      | Slain by a scorpion

Illustrated notes

Levels and vault maps discovered:
D:1:      ncdulo_smallfort, layout_basic, chequers_ecumenical_altar_simple_redux
D:2:      layout_basic, basic_altar, serial_shops, nicolae_shop_behind_doors,
          minmay_randomly_rotated_circles, uniq_sigmund

Skill      XL: |  1  2  3 |
---------------+----------+-----
Fighting       | 3 |  3.7
Staves         | 4 |  4.3
Dodging        | 4 |  4.4
Throwing       | |  2.0
Stealth        | |  0.4

Action                   |  1- 3 |  4- 6 || total
-------------------------+-------+-------++-------
Melee: Quarterstaff      |    34 |    30 ||    64
       Constrict         |     7 |     7 ||    14
       Tentacles         |     5 |     3 ||     8
Throw: Throwing net      |       |     2 ||     2
  Use: Potion            |       |     2 ||     2
 Stab: Sleeping          |     3 |     4 ||     7
Armor: Skin              |     5 |     1 ||     6
Dodge: Dodged            |    28 |    18 ||    46

Table legend: (Time is in decaauts)
 A = Elapsed time spent in this place.
 B = Non-inter-level travel time spent in this place.
 C = Inter-level travel time spent in this place.
 D = Time resting spent in this place.
 E = Time spent auto-exploring this place.
 F = Levels seen in this place.
 G = Mean time per level.
                   A        B        C        D        E       F      G
               +--------+--------+--------+--------+--------+-----+--------+
         Total |   1829 |   1798 |     31 |      0 |   1570 |   2 |  914.5 |
       Dungeon |   1829 |   1798 |     31 |      0 |   1570 |   2 |  914.5 |
               +--------+--------+--------+--------+--------+-----+--------+

Top non-repeatable levels by time:
     D:2: 961 daAuts
     D:1: 868 daAuts
